 Dungeon Crawl Stone Soup version 0.28-a0-32-g8dfe7f97f6 (webtiles) character file.

Game seed: 10174567192772474147

81 Sin92 the Covered (level 4, -1/40 HPs)
             Began as a Minotaur Fighter on July 27, 2021.
             Killed by divine providence
             ... invoked by an orc priest
              (12 damage)
             ... on level 3 of the Dungeon.
             The game lasted 00:01:22 (1742 turns).

Sin92 the Covered (Minotaur Fighter)                Turns: 1742, Time: 00:01:23

Health: -1/40      AC:  9    Str: 21    XL:     4   Next: 20%
Magic:  3/3        EV:  6    Int:  5    God:
Gold:   103        SH:  9    Dex: 10    Spells: 3/3 levels left

rFire   . . .      SeeInvis .   a - +0 war axe
rCold   . . .      Faith    .   c - +0 kite shield
rNeg    . . .      Spirit   .   o - +0 chain mail
rPois   .          Reflect  .   (helmet restricted)
rElec   .          Harm     .   (no cloak)
rCorr   .          Rampage  .   (no gloves)
Will    .....                   (no boots)
Stlth   ..........              (no amulet)
HPRegen 0.13/turn               (no ring)
MPRegen 0.08/turn               (no ring)

@: no status effects
A: horns 2, retaliatory headbutt
a: no special abilities


You were on level 3 of the Dungeon.
You visited 1 branch of the dungeon, and saw 3 of its levels.

You collected 103 gold pieces.

Inventory:

Hand Weapons
 a - a +0 war axe (weapon)
Armour
 b - a +0 scale mail
 c - a +0 kite shield (worn)
 o - a +0 chain mail (worn)
Scrolls
 f - a scroll of brand weapon {unknown}
 h - a scroll of enchant weapon {unknown}
 i - a scroll of enchant armour {unknown}
 l - 2 scrolls of identify {unknown}
Potions
 d - 2 potions of might
 e - 2 potions of resistance {unknown}
 g - 3 potions of curing {unknown}
 j - a potion of ambrosia {unknown}
 k - a potion of berserk rage {unknown}
 m - a potion of degeneration {unknown}
 n - 2 potions of heal wounds {unknown}


   Skills:
 + Level 4.1 Fighting
 * Level 3.7 Axes
 + Level 4.2 Armour
 + Level 1.3 Dodging
 + Level 4.1 Shields


You had 3 spell levels left.
You didn't know any spells.
Your spell library contained the following spells:

 Spells                   Type           Power      Damage    Failure   Level
 Magic Dart               Conj           0%         1d3       100%        1
 Call Imp                 Summ           0%         N/A       100%        2
 Mephitic Cloud           Conj/Pois/Air  0%         N/A       100%        3


Dungeon Overview and Level Annotations

Branches:
Dungeon (3/15)

Altars:

Shops:
D:1 *


Innate Abilities, Weirdness & Mutations

You have a pair of horns on your head.
You reflexively headbutt those who attack you in melee.


Message History

Pain shoots through your body!
Unknown command.
You barely miss the orc priest. You closely miss the orc. x2
The orc hits you but does no damage. You block the orc's attack.
The orc priest hits you with a +0 club. The orc hits you but does no damage. x2
Unknown command.
Your shield prevents you from hitting the orc priest.
You headbutt the orc priest!
The orc priest is severely wounded.
You hit the orc. You slash the orc!
You kill the orc!
You block the orc priest's attack. The orc priest hits you with a +0 club.
Unknown command.
You are too injured to fight recklessly!
Unknown command.
You are too injured to fight recklessly!
Unknown command.
You are too injured to fight recklessly!
Unknown command.
You are too injured to fight recklessly!
Unknown command.
You barely miss the orc priest. Your headbutt misses the orc priest.
The orc priest is severely wounded.
You hit the orc. You closely miss the orc. You block the orc's attack.
The orc hits you but does no damage.
The orc priest calls upon Beogh to heal the orc.
The orc's wounds heal themselves!
The orc hits you but does no damage. The orc barely misses you.
The orc priest mumbles some strange prayers to Beogh against you.
Beogh smites you!
* * * LOW HITPOINT WARNING * * *
You barely miss the orc priest. You headbutt the orc priest.
The orc priest is severely wounded.
You slash the orc!
You kill the orc!
Your chain mail prevents you from hitting the orc.
The orc hits you but does no damage.
The orc priest calls down the wrath of Beogh upon you.
Beogh smites you!
You die...

.......# #......##
#.......# #.......
#...... #....
#.oo######. .
#)@....... ..
#.....####
#<#.###.#..####
#.............#
...........##(# ###
..##..##......##....
...................
.?...#...#...#......
##.###.#............


You could see an orc priest and an orc.

Vanquished Creatures
  Natasha (D:3)
  An adder (D:2)
  A worm (D:2)
  A dart slug (D:2)
  2 orcs (D:3)
  8 ball pythons
  6 endoplasms
  2 giant cockroaches
  4 hobgoblins
  A quokka (D:2)
  6 bats
  4 frilled lizards
  A goblin (D:1)
  2 kobolds
  4 rats
44 creatures vanquished.

Notes
Turn   | Place    | Note
-------+----------+-------------------------------------------
     0 | D:1      | Sin92 the Minotaur Fighter began the quest for the Orb.
     0 | D:1      | Reached XP level 1. HP: 19/19 MP: 0/0
    96 | D:1      | Noticed a great orb of eyes
   106 | D:1      | Noticed a great orb of eyes
   108 | D:1      | Found a faded altar of an unknown god.
   109 | D:1      | Noticed a floating eye
   109 | D:1      | Noticed a shining eye
   190 | D:1      | Reached XP level 2. HP: 27/27 MP: 1/1
   539 | D:1      | Found Vuosk's Assorted Antiques.
  1138 | D:2      | Reached XP level 3. HP: 32/33 MP: 2/2
  1251 | D:2      | Reached skill level 1 in Dodging
  1677 | D:3      | Noticed Natasha
  1682 | D:3      | Killed Natasha
  1683 | D:3      | Reached XP level 4. HP: 32/40 MP: 3/3
  1742 | D:3      | Killed from afar by an orc priest

Illustrated notes

Levels and vault maps discovered:
D:1:      lemuel_arrival_room, layout_basic,
          hellmonk_ecumenical_altar_watching_god, serial_shops,
          nicolae_shop_overgrown_old_shop
D:2:      layout_rooms, serial_curves, eino_curves_01, eino_curves_03,
          hex_medium
D:3:      layout_rooms, nicolae_yredelemnul_corpse_copse, uniq_natasha

Skill      XL: |  1  2  3 |
---------------+----------+-----
Axes           | 3 |  3.7
Armour         | 4 |  4.2
Dodging        | 1 |  1.3
Shields        | 4 |  4.1
Fighting       | 4 |  4.1

Action                   |  1- 3 |  4- 6 || total
-------------------------+-------+-------++-------
Melee: War axe           |    84 |     5 ||    89
       Headbutt          |     7 |     2 ||     9
Armor: Scale mail        |    40 |       ||    40
       Chain mail        |       |     7 ||     7
Dodge: Dodged            |    19 |     2 ||    21
Block: Kite shield       |    46 |     3 ||    49

Table legend: (Time is in decaauts)
 A = Elapsed time spent in this place.
 B = Non-inter-level travel time spent in this place.
 C = Inter-level travel time spent in this place.
 D = Time resting spent in this place.
 E = Time spent auto-exploring this place.
 F = Levels seen in this place.
 G = Mean time per level.
                   A        B        C        D        E       F      G
               +--------+--------+--------+--------+--------+-----+--------+
         Total |   1801 |   1762 |     39 |      0 |   1484 |   3 |  600.3 |
       Dungeon |   1801 |   1762 |     39 |      0 |   1484 |   3 |  600.3 |
               +--------+--------+--------+--------+--------+-----+--------+

Top non-repeatable levels by time:
     D:1: 1018 daAuts
     D:2: 696 daAuts
     D:3: 86 daAuts
